[Event "*** Titled Tuesday Blitz"]
[Site "Chess.com"]
[Date "2021.03.02"]
[Round "2"]
[White "Love_craft"]
[Black "EvgenyT"]
[Result "0-1"]
[WhiteElo "2562"]
[BlackElo "2921"]
[TimeControl "180+1"]
[EndTime "10:16:45 PST"]
[Termination "EvgenyT won on time"]

1. d4 Nf6 2. c4 e6 3. Nc3 Bb4 4.
e3 b6 5. Bd3 Bb7 6. Nf3 O-O 7.
O-O c5 8. Bd2 cxd4 9. exd4 d5 10. a3 Be7 11. Bg5 Nbd7 12. Re1 Rc8 13. b3 Re8 14. Ne5 dxc4 15. Bxc4 Nxe5 16. dxe5 Nd5 17. Bxe7 Qxe7 18. Nxd5 Bxd5 19. Bxd5 Rcd8 20. Qc2 Rxd5 21.
Rad1 Rxd1 22. Rxd1 Qxa3 23. h3 g6 24. g3 Qe7 25. h4 h5 26. Rd6 Qb7 27. Qc6 Qxc6 28. Rxc6 Re7 29. Rc8+ Kg7 30. Ra8 Rd7 31. Kg2 Rd5 32. f4 a5 33. Rb8 Rb5 0-1

[Event "*** Titled Tuesday Blitz"]
[Site "Chess.com"]
[Date "2021.03.02"]
[Round "2"]
[White "AsaHoffmann"]
[Black "VitaRasik"]
[Result "0-1"]
[WhiteElo "2306"]
[BlackElo "2539"]
[TimeControl "180+1"]
[EndTime "10:16:45 PST"]
[Termination "VitaRasik won by resignation"]

1. d4 d6 2. e4 g6 3. Be3 Bg7 4. Qd2 c6 5. f3 Nd7 6. a4 Ngf6 7. Nc3 O-O 8. Nge2 e5 9. Rd1 d5 10.
exd5 cxd5 11. Ng3 Re8 12. Kf2 e4 13. Bb5 a6 14. Bxd7 Bxd7 15. Rhe1 exf3 16. gxf3 h5 17. Bg5 Qa5 18. Qf4 Nh7 19. h4 Qb4 20. Nxd5 Qxb2 21. Qd2 Rxe1 22. Rxe1 Qxd4+ 23. Qxd4 Bxd4+ 24. Be3 Bxe3+ 25. Rxe3 Re8 26. Rxe8+ Bxe8 27. a5 Kg7 28. Ke3 Nf6 29. Nf4 Bc6 30. Nge2 Nd5+ 31. Nxd5 Bxd5 32. f4 Kf6 33. Kd4 Bf3 34. Ng3 Ke6 35. c4 Bc6 36. c5 f6 37. Kc4 g5 38. fxg5 fxg5 39. hxg5 h4 40. Nf1 Kf5 41. Nh2 Kxg5 0-1

[Event "*** Titled Tuesday Blitz"]
[Site "Chess.com"]
[Date "2021.03.02"]
[Round "2"]
[White "Mbneu"]
[Black "Trankuilizer"]
[Result "0-1"]
[WhiteElo "2311"]
[BlackElo "2560"]
[TimeControl "180+1"]
[EndTime "10:16:49 PST"]
[Termination "Trankuilizer won on time"]

1. d4 d5 2. c4 Nf6 3. cxd5 Nxd5 4. e4 Nb6 5. Nc3 g6 6. f4 Bg7 7. Nf3 O-O 8. e5 Bg4 9. Be2 Nc6 10. Be3 Nb4 11. O-O N6d5 12. Nxd5 Nxd5 13. Qd2 c6 14. Rad1 Qb6 15. Bf2 Rad8 16. h3 Bc8 17. Kh1 f6 18.
Bc4 Kh8 19. Bg3 Bf5 20. Nh4 Be4 21. f5 g5 22. Nf3 Bxf5 23. Qe2 Bg6 24. a3 a5 25. Ba2 h6 26. Nh2 f5 27. Rfe1 f4 28.
Bf2 e6 29. Nf3 Bf5 30. Nd2 Qxb2 31. Nc4 Qxe2 32. Rxe2 Nc3 33. Rde1 Nxe2 34. Rxe2 f3 35. Rb2 fxg2+ 36. Kxg2 Be4+ 37. Kg1 Bd5 38. Rxb7 Rb8 39. Rb3 Rxb3 0-1

[Event "*** Titled Tuesday Blitz"]
[Site "Chess.com"]
[Date "2021.03.02"]
[Round "2"]
[White "j2806"]
[Black "SanQui14"]
[Result "0-1"]
[WhiteElo "2068"]
[BlackElo "2381"]
[TimeControl "180+1"]
[EndTime "10:16:49 PST"]
[Termination "SanQui14 won by resignation"]

1. e4 e6 2. d4 d5 3. Nd2 Nf6 4. e5 Nfd7 5. c3 c5 6. f4 Nc6 7. Ndf3 Be7 8. Ne2 O-O 9. g3 a6 10. Bg2 b5 11. O-O Bb7 12. Be3 b4 13. Rc1 bxc3 14.
bxc3 Na5 15. Qd3 Nc4 16. Bf2 a5 17. Rb1 Ba6 18. Qd1 Qc7 19. Nd2 Ndb6 20. Rc1 Rab8 21. Bf3 Nb2 22. Qc2 N6c4 23. Nxc4 Nxc4 24. Kg2 Rb2 25. Qd1 Rd2 26. Qe1 Rb8 27. Rb1 Rxa2 28. Rxb8+ Qxb8 29. Qc1 Nd2 30. Re1 Qb5 31. Ng1 cxd4 32.
cxd4 Bb4 33. Re2 Qc4 34. Be3 Qxc1 0-1

[Event "*** Titled Tuesday Blitz"]
[Site "Chess.com"]
[Date "2021.03.02"]
[Round "2"]
[White "mhebden"]
[Black "tigra"]
[Result "0-1"]
[WhiteElo "2541"]
[BlackElo "2854"]
[TimeControl "180+1"]
[EndTime "10:16:50 PST"]
[Termination "tigra won on time"]

1. d4 Nf6 2. Nf3 e6 3. c3 c5 4. Bg5 b6 5. e4 h6 6. Bxf6 Qxf6 7. Bd3 Nc6 8. d5 Ne5 9. Nxe5 Qxe5 10. O-O g5 11. Nd2 Qf4 12. Qe2 Bg7 13. g3 Qc7 14.
Ba6 Bxa6 15. Qxa6 exd5 16. exd5 O-O 17. Rfe1 Rfe8 18. a4 Re5 19. Rxe5 Qxe5 20. Qb7 Re8 21. Nc4 Qe7 22. Qxa7 Qe2 23. Qxd7 Re4 24. Nd6 Re7 25. Qc8+ Bf8 26. Nf5 Re8 27. Qc6 Re5 28. Nd6 Qxb2 29. Rf1 Qxc3 30. Nb5 Qf3 31. Nc7 c4 32. Qxc4 Bc5 33. Qc2 Re2 0-1

[Event "*** Titled Tuesday Blitz"]
[Site "Chess.com"]
[Date "2021.03.02"]
[Round "2"]
[White "PelinGorki"]
[Black "DinaBelenkaya"]
[Result "1-0"]
[WhiteElo "2534"]
[BlackElo "2304"]
[TimeControl "180+1"]
[EndTime "10:16:50 PST"]
[Termination "PelinGorki won by resignation"]

1. e4 d5 2. exd5 Qxd5 3. Nc3 Qa5 4. d4 Nf6 5. Nf3 Ne4 6. Bd2 Nxd2 7. Qxd2 c6 8. Bc4 Bf5 9. O-O e6 10. Rfe1 Be7 11. d5 cxd5 12. Bxd5 Nc6 13. Bxc6+ bxc6 14. Nd4 Rd8 15. Qe3 Bc5 16. Nxc6 Qb6 17. Qf3 Rc8 18. Ne5 Qxb2 19. Na4 Qa3 20. Qb7 O-O 21. Nxc5 Qxc5 22. Nd7 Qxc2 23. Nxf8 Rxf8 24. Qxa7 Rc8 25. a4 h5 26. a5 Qe4 27. Rxe4 1-0

[Event "*** Titled Tuesday Blitz"]
[Site "Chess.com"]
[Date "2021.03.02"]
[Round "2"]
[White "TorFredrikKaasen"]
[Black "Savagelittlemole"]
[Result "1-0"]
[WhiteElo "2728"]
[BlackElo "2500"]
[TimeControl "180+1"]
[EndTime "10:16:51 PST"]
[Termination "TorFredrikKaasen won by checkmate"]

1. e4 c5 2. Nf3 d6 3. d4 cxd4 4. Nxd4 Nf6 5. Nc3 a6 6. Bg5 Nbd7 7. Bc4 h6 8. Bxf6 Nxf6 9. Qe2 e6 10. O-O-O Qc7 11.
Bb3 Be7 12. f4 O-O 13. f5 e5 14. Nf3 b5 15. g4 Bb7 16. Rhg1 b4 17. Nd5 Bxd5 18. Bxd5 Rac8 19. Bb3 Qc6 20. g5 hxg5 21. Nxg5 a5 22. Qg2 Nh5 23. Qh3 Bxg5+ 24. Rxg5 Nf4 25.
Qg4 Qxe4 26. Rxg7+ Kh8 27. Rh7+ Kxh7 28. Qh4+ Kg7 29.
Rg1+ Qg2 30. Rxg2+ Nxg2 31. Qg5+ Kh7 32. f6 Rg8 33.
Qh5# 1-0

[Event "*** Titled Tuesday Blitz"]
[Site "Chess.com"]
[Date "2021.03.02"]
[Round "2"]
[White "CheckThis4"]
[Black "DFeco"]
[Result "1-0"]
[WhiteElo "2619"]
[BlackElo "2266"]
[TimeControl "180+1"]
[EndTime "10:16:51 PST"]
[Termination "CheckThis4 won by resignation"]

1. d4 d5 2. Nf3 Nf6 3. c4 c6 4. Nc3 a6 5. e3 Bf5 6. Bd3 Bg6 7.
Ne5 e6 8. Nxg6 hxg6 9. h3 Nbd7 10. e4 dxc4 11. Bxc4 Bb4 12. e5 Ne4 13. Qf3 Nxc3 14.
bxc3 Be7 15. O-O Nb6 16. Bb3 a5 17. Qg3 a4 18. Bc2 O-O 19. Rb1 Qc7 20. h4 c5 21.
dxc5 Nc4 22. h5 gxh5 23. Qd3 g6 24. Qxc4 Qxe5 25. Bf4 Qf6 26. Rxb7 Rfc8 27. Be3 Ra5 28. Bxa4 Bxc5 29. Bd7 Rd8 30. Bxc5 1-0

[Event "*** Titled Tuesday Blitz"]
[Site "Chess.com"]
[Date "2021.03.02"]
[Round "2"]
[White "Redzishchess"]
[Black "ObligatePawnivore"]
[Result "1-0"]
[WhiteElo "2360"]
[BlackElo "1837"]
[TimeControl "180+1"]
[EndTime "10:16:51 PST"]
[Termination "Redzishchess won by resignation"]

1. e4 e6 2. d4 d5 3. Nd2 Be7 4.
e5 c5 5. c3 Nc6 6. Ndf3 cxd4 7. cxd4 Bb4+ 8. Bd2 Qb6 9. a3 Bxd2+ 10. Qxd2 Bd7 11.
Ne2 Nge7 12. Nc3 Na5 13. Rd1 O-O 14. b4 Nc4 15. Bxc4 dxc4 16. Ne4 Bc6 17. Nd6 Bxf3 18. gxf3 Qc6 19. Qf4 Nd5 20. Qg3 c3 21. O-O c2 22.
Rc1 Nc3 23. Rxc2 1-0

[Event "*** Titled Tuesday Blitz"]
[Site "Chess.com"]
[Date "2021.03.02"]
[Round "2"]
[White "Marty435"]
[Black "Ladislav1969"]
[Result "1-0"]
[WhiteElo "2543"]
[BlackElo "2307"]
[TimeControl "180+1"]
[EndTime "10:16:53 PST"]
[Termination "Marty435 won by resignation"]

1. e4 c5 2. Nc3 Nc6 3. Bb5 Nd4 4. Nf3 g6 5. Nxd4 cxd4 6. Ne2 Bg7 7. c3 Qb6 8. Bd3 e5 9. cxd4 exd4 10. b3 Ne7 11.
Ba3 d6 12. Rc1 O-O 13. Qc2 Nc6 14. Bxd6 Nb4 15. Bxb4 Qxb4 16. Qc5 a5 17. Rc4 Qxc5 18. Rxc5 b6 19. Rc6 Rb8 20. O-O Re8 21. Rfc1 Be6 22. Bb5 Red8 23. Bd3 Bf8 24. Nf4 Bd7 25.
R6c2 Ba3 26. Rd1 Rbc8 27. Rxc8 Rxc8 28. Nd5 Rc1 29. Rxc1 Bxc1 30. Nf6+ Kg7 31. Nxd7 Bxd2 32. Nxb6 1-0

[Event "*** Titled Tuesday Blitz"]
[Site "Chess.com"]
[Date "2021.03.02"]
[Round "2"]
[White "zverr1"]
[Black "Darius321"]
[Result "0-1"]
[WhiteElo "2480"]
[BlackElo "2310"]
[TimeControl "180+1"]
[EndTime "10:16:54 PST"]
[Termination "Darius321 won by resignation"]

1. e4 c5 2. d4 cxd4 3. c3 e6 4. Nf3 d5 5. exd5 Qxd5 6. cxd4 Nf6 7. Nc3 Qd8 8. Bd3 Be7 9. h4 h6 10. Bf4 Nc6 11. Qd2 Nb4 12. Bb1 Nbd5 13. Be5 b6 14. Rh3 Bb7 15. Rg3 Nh5 16. Rxg7 Nxg7 17. Bxg7 Rg8 18. Qxh6 Bf6 19. Bxf6 Qxf6 20. Qxf6 Nxf6 21.
Ng5 Bxg2 22. Bc2 Rh8 23. Nb5 Ke7 24. O-O-O Rxh4 25. Re1 Rg4 26. f4 Rxf4 27. Nc7 Rc8 28. Ncxe6 fxe6 29. Rxe6+ Kd7 30. Kd2 Rf2+ 31. Ke3 Rcxc2 0-1

[Event "*** Titled Tuesday Blitz"]
[Site "Chess.com"]
[Date "2021.03.02"]
[Round "2"]
[White "MirMan90"]
[Black "JoakimVonAnd"]
[Result "1-0"]
[WhiteElo "2744"]
[BlackElo "2505"]
[TimeControl "180+1"]
[EndTime "10:16:56 PST"]
[Termination "MirMan90 won by resignation"]

1. d4 Nf6 2. c4 e6 3. Nc3 Bb4 4. Qc2 O-O 5. e4 d5 6. e5 Ne4 7. Bd3 c5 8. Ne2 cxd4 9. Nxd4 Qh4 10. Nf3 Qh5 11. Bxe4 dxe4 12. Qxe4 Bd7 13. Bf4 Bc6 14. Qe3 Bxf3 15. gxf3 Nc6 16. O-O-O Rad8 17. Rhg1 Kh8 18.
Ne2 h6 19. Ng3 Qg6 20. Ne4 Rxd1+ 21. Rxd1 Ba5 22. Rd7 Bb6 23. c5 Ba5 24. a3 Rd8 25.
Rxd8+ Bxd8 26. Qd3 Qg1+ 27. Kc2 Qxf2+ 28. Nxf2 1-0

[Event "*** Titled Tuesday Blitz"]
[Site "Chess.com"]
[Date "2021.03.02"]
[Round "2"]
[White "fish7728"]
[Black "Oglob71"]
[Result "1-0"]
[WhiteElo "2204"]
[BlackElo "2401"]
[TimeControl "180+1"]
[EndTime "10:16:56 PST"]
[Termination "fish7728 won by checkmate"]

1. d4 Nf6 2. c4 e6 3. Nc3 Bb4 4.
f3 c6 5. e4 d5 6. a3 Bxc3+ 7.
bxc3 b6 8. e5 Nfd7 9. f4 Ba6 10.
Nf3 Bxc4 11. Bxc4 dxc4 12. O-O b5 13. Ng5 Qe7 14. Ne4 Nb6 15. Nd6+ Kd8 16. a4 a6 17. f5 exf5 18. Rxf5 f6 19. Qf3 Qe6 20. Ba3 Nd5 21.
exf6 gxf6 22. Rxd5 cxd5 23. Qf2 Nd7 24. Re1 Qg4 25. Nf7+ Kc7 26. h3 Qg6 27. Qf4+ Ne5 28. dxe5 Rhg8 29. e6+ Kb7 30. Nd6+ Kc6 31. Re2 Qg5 32.
Qd4 Kc7 33. Qc5+ Kd8 34. Qc6 Ra7 35. Qc8+ Ke7 36. Nf5# 1-0

[Event "*** Titled Tuesday Blitz"]
[Site "Chess.com"]
[Date "2021.03.02"]
[Round "2"]
[White "mishanick"]
[Black "sara_khm"]
[Result "1-0"]
[WhiteElo "3014"]
[BlackElo "2597"]
[TimeControl "180+1"]
[EndTime "10:16:58 PST"]
[Termination "mishanick won by resignation"]

1. e4 e5 2. Nf3 Nc6 3. Bb5 a6 4. Ba4 Nf6 5. O-O b5 6. Bb3 Bc5 7. c3 d6 8. d4 Bb6 9. a4 Rb8 10. a5 Ba7 11. h3 Bb7 12. Re1 O-O 13. Bg5 h6 14. Bh4 exd4 15. cxd4 g5 16. Bg3 Nb4 17. Nc3 Re8 18. Qd2 Rc8 19. Nxg5 hxg5 20. Qxg5+ Kh7 21.
Bxf7 Rg8 22. Bxg8+ Nxg8 23. Qf5+ Kg7 24. Qg4+ Kh7 25. e5 Qf8 26. exd6 cxd6 27. Re6 Qf7 28.
Bxd6 Nh6 29. Rxh6+ Kxh6 30. Bxb4 Rg8 31. Qh4+ Qh5 32.
Qxh5+ Kxh5 33. d5 Bd4 34. Rd1 Be5 35. g3 Rd8 36. Be7 1-0

[Event "*** Titled Tuesday Blitz"]
[Site "Chess.com"]
[Date "2021.03.02"]
[Round "2"]
[White "Caracternin123"]
[Black "lamomiablanca"]
[Result "0-1"]
[WhiteElo "2602"]
[BlackElo "2339"]
[TimeControl "180+1"]
[EndTime "10:16:58 PST"]
[Termination "lamomiablanca won by resignation"]

1. e4 c5 2. Nf3 Nc6 3. d4 cxd4 4. Nxd4 g6 5. c4 Nf6 6. Nc3 d6 7. Be2 Nxd4 8. Qxd4 Bg7 9. Be3 O-O 10. Qd2 a5 11. h3 a4 12. O-O Qa5 13. Rac1 Be6 14. Rfd1 Rfc8 15. Nd5 Qxd2 16. Nxf6+ Bxf6 17. Rxd2 b5 18. Rdc2 bxc4 19. Bxc4 Bxc4 20. Rxc4 Rxc4 21. Rxc4 Bxb2 22.
Rc7 Kf8 23. Bg5 f6 24. Bf4 a3 25. Bd2 Ra4 26. f3 Rd4 27. Rc2 f5 28. exf5 gxf5 29. Kf2 Kf7 30. Ke3 f4+ 31. Ke2 d5 32. Bc3 Rc4 33.
Kd3 Rxc3+ 34. Rxc3 Bxc3 35. Kxc3 e5 36. Kb3 e4 37. Kc3 e3 38. Kd3 d4 39. g4 0-1

[Event "*** Titled Tuesday Blitz"]
[Site "Chess.com"]
[Date "2021.03.02"]
[Round "2"]
[White "RaphCamora"]
[Black "elextranjero00"]
[Result "0-1"]
[WhiteElo "2359"]
[BlackElo "2646"]
[TimeControl "180+1"]
[EndTime "10:16:59 PST"]
[Termination "elextranjero00 won by resignation"]

1. Nf3 d5 2. g3 Nd7 3. d4 Nb6 4.
Bg2 Bf5 5. O-O e6 6. b3 Nf6 7. Nbd2 h6 8. a4 a5 9. Bb2 Be7 10. h3 O-O 11. Re1 c5 12. c4 Ne4 13. cxd5 Nxd5 14. Rc1 Nxd2 15. Qxd2 cxd4 16. Qxd4 Bf6 17. Ne5 Bh7 18. Red1 Rc8 19. Rxc8 Qxc8 20. Rc1 Qd8 21. Qd2 Nb4 22. Qxd8 Rxd8 23. Bxb7 Bc2 24. Nc6 Bxb2 25. Rxc2 Rd1+ 26. Kg2 Nxc2 27. Ne7+ 0-1

[Event "*** Titled Tuesday Blitz"]
[Site "Chess.com"]
[Date "2021.03.02"]
[Round "2"]
[White "Moon_stone123"]
[Black "LuisFSiles"]
[Result "1-0"]
[WhiteElo "2522"]
[BlackElo "2300"]
[TimeControl "180+1"]
[EndTime "10:16:59 PST"]
[Termination "Moon_stone123 won by resignation"]

1. Nf3 Nf6 2. g3 g6 3. Bg2 Bg7 4. O-O O-O 5. c4 d6 6. Nc3 c5 7. d4 cxd4 8. Nxd4 Nc6 9. Nxc6 bxc6 10. Bxc6 Rb8 11. Bg2 Qa5 12. Qa4 Qh5 13. Nd5 Nxd5 14. cxd5 Bh3 15. Bxh3 Qxh3 16. Qxa7 Bxb2 17. Bxb2 Rxb2 18.
Qxe7 Ra8 19. a4 Qg4 20. a5 Rxe2 21. Qxd6 Qc4 22. Qc6 Qxc6 23. dxc6 Rc2 24. Rfc1 Rxa5 25.
Rxc2 Rxa1+ 26. Kg2 Ra8 27. c7 Rc8 28. Kf3 Kf8 29.
Kf4 f6 30. g4 h6 31. h4 Ke7 32.
h5 gxh5 33. gxh5 Ke6 34. Ke4 f5+ 35. Kf4 Kf6 36. Rc6+ Kg7 37. Kxf5 1-0

[Event "*** Titled Tuesday Blitz"]
[Site "Chess.com"]
[Date "2021.03.02"]
[Round "2"]
[White "lacafi"]
[Black "KubaGepard"]
[Result "1-0"]
[WhiteElo "2178"]
[BlackElo "2398"]
[TimeControl "180+1"]
[EndTime "10:16:59 PST"]
[Termination "lacafi won by resignation"]

1. d4 d5 2. Nf3 Nf6 3. e3 e6 4.
Bd3 Bd6 5. Nbd2 O-O 6. Qe2 Nbd7 7.
e4 dxe4 8. Nxe4 Nxe4 9. Qxe4 Nf6 10. Qe2 Nd5 11. c3 c5 12. dxc5 Bxc5 13. O-O Qf6 14. Bg5 Nf4 15. Qd1 Nxd3 16. Bxf6 Nxf2 17. Rxf2 gxf6 18.
Kf1 Bxf2 19. Kxf2 e5 20. Qd6 Be6 21. Qe7 Kg7 22. b3 b6 23. c4 a5 24. Rd1 a4 25. Rd2 axb3 26. axb3 Rfb8 27. h3 b5 28. c5 Bxb3 29. c6 Be6 30. g4 b4 31. Nh4 b3 32. c7 Rb7 33. g5 b2 34. Qxf6+ Kf8 35. Rd8+ 1-0

[Event "*** Titled Tuesday Blitz"]
[Site "Chess.com"]
[Date "2021.03.02"]
[Round "2"]
[White "shaheus"]
[Black "LubovMarkelova"]
[Result "1-0"]
[WhiteElo "2447"]
[BlackElo "2234"]
[TimeControl "180+1"]
[EndTime "10:17:00 PST"]
[Termination "shaheus won by resignation"]

1. e4 e6 2. Nf3 d5 3. Nc3 d4 4. Ne2 c5 5. c3 Nc6 6. cxd4 cxd4 7. Qa4 Nf6 8. Nexd4 Bd7 9. Bb5 Nxd4 10. Nxd4 Bc5 11.
Bxd7+ Qxd7 12. Qxd7+ Kxd7 13. Nb3 Rac8 14. f3 Bb6 15.
Kd1 a5 16. a4 Rc4 17. d3 Rb4 18. Ra3 Ke7 19. Bd2 Rd8 20. Ke2 Nd7 21. Bxb4+ axb4 22. Raa1 Ne5 23. Rhd1 Nc6 24. a5 Nd4+ 25. Nxd4 Bxd4 26.
Ra4 Bc5 27. d4 Bxd4 28. Rxb4 e5 29. Rxb7+ Kf6 30. Rc1 Rd6 31. b4 Kg6 32. b5 f5 33.
Rc6 1-0

[Event "*** Titled Tuesday Blitz"]
[Site "Chess.com"]
[Date "2021.03.02"]
[Round "2"]
[White "KNCP_719"]
[Black "Sibelephant"]
[Result "0-1"]
[WhiteElo "2598"]
[BlackElo "3050"]
[TimeControl "180+1"]
[EndTime "10:17:02 PST"]
[Termination "Sibelephant won by resignation"]

1. e4 c5 2. Nf3 d6 3. Bb5+ Bd7 4. Bxd7+ Nxd7 5. O-O Ngf6 6. Qe2 Rc8 7. b3 g6 8. Bb2 Bg7 9. c3 Qc7 10. Na3 O-O 11.
d4 cxd4 12. cxd4 d5 13. Rac1 Qa5 14. exd5 Nxd5 15. Ne5 N7f6 16. Qf3 Bh6 17. Nac4 Qa6 18. Ra1 b5 19. Ne3 Nxe3 20. fxe3 Rc2 21. Bc1 Rfc8 22. a4 R8c3 23. Nd7 Qe6 24. Nxf6+ exf6 25. Qxf6 Qxf6 26.
Rxf6 Rxc1+ 27. Rxc1 Bxe3+ 0-1

[Event "*** Titled Tuesday Blitz"]
[Site "Chess.com"]
[Date "2021.03.02"]
[Round "2"]
[White "Zhigalko_Sergei"]
[Black "BanjoKazooieN64"]
[Result "1-0"]
[WhiteElo "2912"]
[BlackElo "2558"]
[TimeControl "180+1"]
[EndTime "10:17:04 PST"]
[Termination "Zhigalko_Sergei won by resignation"]

1. e4 e5 2. Nf3 Nf6 3. d4 Nxe4 4. Bd3 d5 5. Nxe5 Be7 6. O-O O-O 7. Nc3 Nxc3 8.
bxc3 Nc6 9. Bf4 Nxe5 10. Bxe5 Bf6 11. Bxf6 Qxf6 12. Qh5 g6 13. Qxd5 c6 14. Qb3 Rb8 15.
Rfe1 Be6 16. Qa3 a6 17. Re5 Rfd8 18. Rae1 Rd7 19. h3 Rbd8 20. Qb4 Kg7 21. a4 b5 22. Qa5 Rd5 23. Qxa6 c5 24. axb5 cxd4 25. cxd4 Rxd4 26. Qa1 Kg8 27. R5e4 R4d5 28. Qxf6 1-0

[Event "*** Titled Tuesday Blitz"]
[Site "Chess.com"]
[Date "2021.03.02"]
[Round "2"]
[White "chesslh19"]
[Black "alejogarcia1999"]
[Result "0-1"]
[WhiteElo "2248"]
[BlackElo "2543"]
[TimeControl "180+1"]
[EndTime "10:17:05 PST"]
[Termination "alejogarcia1999 won by resignation"]

1. e4 c5 2. Nf3 e6 3. d4 cxd4 4. Nxd4 Nc6 5. Nc3 Nf6 6. Ndb5 d6 7. Bf4 e5 8. Bg5 a6 9. Na3 b5 10. Nd5 Be7 11. Bxf6 Bxf6 12. c3 Bg5 13. Nc2 Rb8 14.
a4 bxa4 15. Ncb4 Nxb4 16. Nxb4 Bd7 17. Qxd6 Be7 18. Qxe5 O-O 19. Bxa6 Re8 20. Qg3 Bxb4 21. cxb4 Rxe4+ 22. Kf1 Rexb4 23. h4 Qf6 24. Be2 Rxb2 25. Rd1 Be6 26. h5 h6 27. Rh4 a3 28. Qxa3 Qxh4 0-1

[Event "*** Titled Tuesday Blitz"]
[Site "Chess.com"]
[Date "2021.03.02"]
[Round "2"]
[White "GMJustin"]
[Black "MrChampion_Coach"]
[Result "0-1"]
[WhiteElo "2251"]
[BlackElo "2461"]
[TimeControl "180+1"]
[EndTime "10:17:05 PST"]
[Termination "MrChampion_Coach won on time"]

1. d4 Nf6 2. c4 e6 3. Nf3 d5 4.
Bg5 dxc4 5. e4 Be7 6. e5 Nd5 7.
Bxe7 Qxe7 8. Bxc4 Qb4+ 9. Nbd2 Qxb2 10. O-O Nc3 11. Qe1 O-O 12. Bb3 Nb5 13. Rb1 Qc3 14. Qe4 Qc6 15. Qh4 Qd7 16. Rfc1 Qd8 17. Qg4 Nc6 18. a4 Nbxd4 19. Nxd4 Nxd4 0-1

[Event "*** Titled Tuesday Blitz"]
[Site "Chess.com"]
[Date "2021.03.02"]
[Round "2"]
[White "FMLorneTwitch"]
[Black "Blitzking642"]
[Result "1-0"]
[WhiteElo "2372"]
[BlackElo "2349"]
[TimeControl "180+1"]
[EndTime "10:17:05 PST"]
[Termination "FMLorneTwitch won by resignation"]

1. d4 Nf6 2. Bg5 d5 3. Bxf6 exf6 4. e3 c6 5. c4 dxc4 6. Bxc4 Bd6 7. Ne2 Nd7 8. Nbc3 f5 9. Qc2 O-O 10. h4 Nf6 11. h5 Qe7 12. Bd3 g6 13. hxg6 fxg6 14.
O-O-O Be6 15. Kb1 b5 16. Nf4 Bf7 17. Rde1 b4 18. Na4 Rab8 19. b3 Nd5 20. Bc4 Nc3+ 21.
Nxc3 Bxc4 22. Na4 Bb5 23. Nc5 Bxc5 24. dxc5 Rfd8 25. Rd1 Qf6 26. Rxd8+ Rxd8 27. Rd1 a5 28. Rd2 a4 29. Rxd8+ Qxd8 30. bxa4 Ba6 31. Qb3+ Kh8 32.
Qxb4 Qd1+ 33. Kb2 Bd3 34. Qd4+ 1-0

[Event "*** Titled Tuesday Blitz"]
[Site "Chess.com"]
[Date "2021.03.02"]
[Round "2"]
[White "A-Fier"]
[Black "skoularikii"]
[Result "1-0"]
[WhiteElo "2780"]
[BlackElo "2515"]
[TimeControl "180+1"]
[EndTime "10:17:06 PST"]
[Termination "A-Fier won by resignation"]

1. d4 d5 2. c4 c6 3. Nc3 Nf6 4. e3 Bf5 5. cxd5 cxd5 6. Qb3 Bc8 7. Nf3 Nc6 8. Ne5 e6 9. f4 Bd6 10. Bd3 O-O 11. O-O a6 12. Bd2 Bd7 13. Rac1 Na5 14.
Qc2 b5 15. Be1 Rc8 16. a3 Nc4 17. Qe2 Be7 18. Bh4 Nd6 19. Bxf6 Bxf6 20. Qh5 g6 21. Qe2 Bg7 22. g4 f6 23. Nf3 f5 24. g5 Ne4 25.
Ne5 Bxe5 26. dxe5 Qb6 27. Bxe4 dxe4 28. Rfd1 Rc7 29. Rd6 Qa7 30. Rcd1 Re8 31. Qd2 Re7 32. Kf2 a5 33. Ne2 Bc6 34. Rd8+ Kg7 35. h4 Bd5 36. h5 Red7 37. h6+ Kf7 38. Rh8 Qc5 39. Rc1 Bc4 40.
Rxh7+ Ke8 41. Rh8+ Kf7 42. Nd4 Rc8 43. Rxc8 Qxc8 44.
b3 Qc5 45. bxc4 bxc4 46. Qc3 Rc7 47. h7 Kg7 1-0

[Event "*** Titled Tuesday Blitz"]
[Site "Chess.com"]
[Date "2021.03.02"]
[Round "2"]
[White "FeketeBarika"]
[Black "eCztery"]
[Result "1-0"]
[WhiteElo "2216"]
[BlackElo "2403"]
[TimeControl "180+1"]
[EndTime "10:17:07 PST"]
[Termination "FeketeBarika won by resignation"]

1. Nf3 c5 2. c4 Nc6 3. g3 g6 4. Bg2 Bg7 5. O-O f5 6. Nc3 Nf6 7. d4 cxd4 8. Nxd4 O-O 9. Nc2 Kh8 10. Bg5 h6 11. Bf4 e5 12. Bd2 d6 13. b3 Be6 14.
Rc1 Rc8 15. Nd5 Bxd5 16. cxd5 Ne7 17. Bb4 e4 18. Nd4 Rxc1 19. Qxc1 Qb6 20. Ne6 Qxb4 21.
Nxf8 Bxf8 22. Qc7 Nfxd5 23. Qd8 Kg7 24. Rd1 Qb6 25. Qd7 Qc6 26. Qe6 Nc3 27. Rxd6 Nxe2+ 28.
Kf1 Qb5 29. Qf6+ Kg8 30. Rd8 Nd4+ 31. Kg1 Ne6 32. Qxe6+ Kg7 33. Rd7 Qc5 34. Bf1 e3 35. fxe3 g5 36. Bc4 h5 37. Qf7+ Kh6 38. Qxf8+ Kg6 39. Qxe7 1-0

[Event "*** Titled Tuesday Blitz"]
[Site "Chess.com"]
[Date "2021.03.02"]
[Round "2"]
[White "Gusarov91"]
[Black "QuintilianoR"]
[Result "1/2-1/2"]
[WhiteElo "2508"]
[BlackElo "2720"]
[TimeControl "180+1"]
[EndTime "10:17:08 PST"]
[Termination "Game drawn by repetition"]

1. d4 d5 2. Nf3 Nf6 3. c4 c6 4. Nc3 dxc4 5. a4 Bf5 6. e3 e6 7. Bxc4 Bb4 8. O-O O-O 9. Qe2 Nbd7 10. e4 Bg6 11. e5 Nd5 12. Bd2 Be7 13. Nxd5 cxd5 14.
Bd3 Nb8 15. Bxg6 fxg6 16. Qb5 Qd7 17. Qxd7 Nxd7 18. Rfc1 Rfc8 19. Kf1 h6 20. Ke2 Kf7 21. Kd3 Rc6 22. Rc3 Rac8 23. Rac1 g5 24. h3 a6 25.
Rxc6 Rxc6 26. b3 Rxc1 27. Bxc1 Nb8 28. g4 Nc6 29. Bd2 b5 30. axb5 axb5 31. Ne1 Kg6 32. Nc2 Kf7 33. f3 Ke8 34. Bc1 Kd7 35. Ba3 b4 36. Bc1 Na5 37. Na1 Kc6 38. Bd2 Kb5 39. Be1 Bd8 40. Bd2 Bb6 41. Be1 Nc6 42. Nc2 Bd8 43. Bd2 Be7 44. Be1 Na5 45. Na1 Nc6 46. Nc2 Nd8 47. Bd2 Nf7 48. Be1 Nh8 49. Bg3 Ng6 50.
Ne3 Bd8 51. Nc2 Ne7 52. Be1 Nc6 53. Bd2 Be7 54. Be1 1/2-1/2

[Event "*** Titled Tuesday Blitz"]
[Site "Chess.com"]
[Date "2021.03.02"]
[Round "2"]
[White "wannabe2700"]
[Black "tteshan"]
[Result "1-0"]
[WhiteElo "2722"]
[BlackElo "2342"]
[TimeControl "180+1"]
[EndTime "10:17:08 PST"]
[Termination "wannabe2700 won by checkmate"]

1. b3 a5 2. Bb2 a4 3. b4 d6 4. a3 Nf6 5. c4 e5 6. Nc3 Bd7 7. e3 Be7 8. Nf3 O-O 9. d4 exd4 10. exd4 Re8 11. Be2 Bf8 12. O-O Ne4 13. Nxe4 Rxe4 14.
Bd3 Re8 15. h3 c6 16. Qc2 g6 17. d5 cxd5 18. Qc3 f6 19. cxd5 Bg7 20. b5 Qa5 21. Qxa5 Rxa5 22. Rfe1 Kf7 23. Bc3 Ra8 24. Bb4 Bf8 25. Rac1 Rxe1+ 26. Bxe1 Ke8 27. Nd4 Kd8 28. Bb4 Be7 29. g4 Ra7 30. Kg2 b6 31. Re1 Rc7 32.
f4 Bc8 33. Kf3 Kd7 34. f5 g5 35. Ne6 Ra7 36. Rc1 Bd8 37. Nf8+ Ke8 38. Rxc8 Re7 39. Ne6 Kd7 40. Rxd8# 1-0

[Event "*** Titled Tuesday Blitz"]
[Site "Chess.com"]
[Date "2021.03.02"]
[Round "2"]
[White "Rozhkov_V"]
[Black "elcandado"]
[Result "0-1"]
[WhiteElo "2318"]
[BlackElo "2627"]
[TimeControl "180+1"]
[EndTime "10:17:08 PST"]
[Termination "elcandado won by resignation"]

1. e4 e5 2. Nf3 Nc6 3. d4 exd4 4. Bc4 Nf6 5. e5 d5 6. Bb5 Nd7 7. Bxc6 bxc6 8. Nxd4 Nb8 9. O-O Be7 10. f4 c5 11.
Nb3 c4 12. Nd4 c5 13. Ne2 f5 14. b3 cxb3 15. axb3 O-O 16. Be3 d4 17. Bf2 Bb7 18. c4 Qc7 19. Nd2 Nc6 20. Ng3 Nb4 21. Nf3 Be4 22.
Ra4 Bc2 23. Qd2 Bxb3 24. Rxb4 cxb4 25. Nxd4 Bxc4 26. Rc1 g6 27. Ne6 Qc6 28. Nxf8 Bxf8 29. Qd4 Rc8 30. Qxa7 b3 31. Bd4 Bc5 32. Bxc5 Qxc5+ 33. Qxc5 Rxc5 34. Nf1 b2 35. Rb1 Rb5 0-1